Map: Orbital Shipyard

Players

wabbajack - Winner!

  • Race: Zerg Zerg
  • League: Gold

VOD

Have the link to the VOD?

Description

Time

  • Played on: July 20, 2015, 7:57 a.m.
  • Length: 4:51
Show
View Real Time Build Order
Export as new Build Order

wabbajack Zerg - Winner!

Build Orders: Hatch First 

Get SALT Encoding   

  12  0:02  Drone  
  12  0:09  Drone  
  12  0:18  Overlord  
  12  0:27  Drone, Extractor  
  12  0:30  Extractor  
  12  0:31  Drone  
  12  0:38  Drone  
  12  0:50  Drone  
  12  0:58  Hatchery  
  12  1:02  Drone  
  12  1:05  Extractor  
  12  1:07  Extractor  
  12  1:08  Drone  
  12  1:21  Spawning Pool  
  12  1:30  Drone  
  12  1:31  Drone  
  12  1:40  Drone  
  12  1:50  Drone  
  12  2:09  Pneumatized Carapace  
  12  2:11  Queen  
  12  2:16  Baneling Nest  
  12  2:18  Zergling x6  
  12  2:22  Zergling x2  
  12  2:30  Metabolic Boost  
  12  2:37  Overlord  
  12  2:51  Drone x3  
  12  2:57  Drone  
  12  3:13  Baneling  
  12  3:14  Baneling x7  
  12  3:30  Queen  
  12  3:32  Zergling x2  
  12  3:33  Zergling x6  
  12  3:51  Zergling x2  
  12  3:53  Overlord  
  12  3:54  Overlord  
  12  4:01  Evolution Chamber  
Tags
 
Add a new tag
Caveats
  • Supply blocks, unpowered buildings, or Contaminate may cause inaccurate times.
  • Supply counts are checked every 10 seconds.